 Dungeon Sprint DCSS version 0.29-a0-468-ge57f7f99b4 (webtiles) character file.

Game seed: 11120983460722928259

476 mhtbhm the Cleaver (level 7, 0/72 HPs)
             Began as a Hill Orc Berserker on May 21, 2022.
             Was an Elder of Trog.
             Slain by a queen bee (10 damage)
             ... in the Dungeon (Sprint IV: "Fedhas' Mad Dash").
             The game lasted 00:01:02 (1060 turns).

mhtbhm the Cleaver (Hill Orc Berserker)             Turns: 1060, Time: 00:01:03

Health: 0/72       AC:  2    Str: 22    XL:     7   Next: 10%
Magic:  5/7        EV: 13    Int:  7    God:    Trog [****..]
Gold:   92         SH:  0    Dex: 10    Spells: 6/6 levels left

rFire   . . .      SeeInvis .   a - +0 hand axe
rCold   . . .      Faith    .   (no shield)
rNeg    . . .      Spirit   .   b - +0 animal skin
rPois   .          Reflect  .   (no helmet)
rElec   .          Harm     .   (no cloak)
rCorr   .          Rampage  .   (no gloves)
Will    .....      NoTele   +   (no boots)
Stlth   ++........              j - amulet of invisibility {+Inv}
HPRegen 0.22/turn               (no ring)
MPRegen 0.10/turn               (no ring)

@: lethally poisoned (0 -> -19), on berserk cooldown, very slightly
contaminated, slowed, very slow
A: no striking features
a: Renounce Religion, Evoke Invisibility, Berserk, Trog's Hand, Brothers in Arms


You were in the Dungeon.
You worshipped Trog.
Trog was greatly pleased with you.
You visited 1 branch You collected 92 gold pieces.

Inventory:

Hand Weapons
 a - a +0 hand axe (weapon)
Armour
 b - a +0 animal skin (worn)
Jewellery
 j - the amulet of invisibility (around neck) {+Inv}
   (You found it in the Dungeon)

   [amulet of nothing]

   +Inv:      It lets you turn invisible.
Wands
 k - a wand of iceblast (8)
Scrolls
 h - a scroll of blinking
 i - 3 scrolls of identify {unknown}
Potions
 c - a potion of curing
 d - a potion of heal wounds
 e - a potion of haste
 f - 2 potions of magic
 g - a potion of berserk rage


   Skills:
 + Level 10.2 Fighting
 + Level 12.8 Axes
 + Level 4.8 Armour
 + Level 4.3 Dodging
 + Level 3.3 Stealth
 + Level 2.6 Evocations


You had 6 spell levels left.
You didn't know any spells.
Your spell library was empty.

Dungeon Overview and Level Annotations

Branches:
Dungeon (1/1)

Altars:
Cheibriados
Dithmenos
Elyvilon
Gozag
Hepliaklqana
Kikubaaqudgha
Makhleb
Nemelex Xobeh
Okawaru
Qazlal
Ru
Sif Muna
Trog
Uskayaw
Vehumet
Wu Jian
Xom
Yredelemnul
Zin
The Shining One
Beogh
Jiyva
Lugonu

Shops:
D !(


Message History

You flicker for a moment.
The queen bee barely misses you.
You slash the queen bee!
The queen bee is moderately wounded.
You barely miss the queen bee.
The queen bee is moderately wounded.
You feel sick. The queen bee barely misses you.
You barely miss the queen bee.
The queen bee is moderately wounded.
You are no longer berserk.
You are exhausted.
You feel yourself slow down.
You hit the queen bee but do no damage.
You punch the queen bee, but do no damage.
The queen bee is moderately wounded.
You feel sick. The queen bee stings you!
You are more poisoned.
The queen bee poisons you!
You catch the helpless queen bee completely off-guard!
You hit the queen bee but do no damage.
The queen bee is moderately wounded.
You feel very sick. The queen bee misses you.
You hit the queen bee.
The queen bee is heavily wounded.
You feel very sick. The queen bee stings you.
You hit the queen bee but do no damage.
The queen bee is heavily wounded.
You feel sick. The queen bee stings you!
* * * LOW HITPOINT WARNING * * *
You are lethally poisoned!
The queen bee poisons you!
You hit the queen bee.
The queen bee is heavily wounded.
You flicker back into view.
* * * LOW HITPOINT WARNING * * *
You feel very sick. The queen bee stings you!
You die...

#####################
#<...#.....#.....#.⌠.
#PP..'†....'.#.).'.._
#PPP.#.....#.#...#...
###############'##.._
#..y♣.†......'...#._.
#..†@..♣.....#...####
#.....♣..♣..######
##+####+#####


You could see a queen bee.

Vanquished Creatures
  2 scorpions (D)
  4 killer bees (D)
  4 oklob saplings (D)
  2 spriggans (D)
  A river rat (D)
  A rat (D)
14 creatures vanquished.

Vanquished Creatures (others)
  2 fungi (D)
2 creatures vanquished.

Grand Total: 16 creatures vanquished

Notes
Turn   | Place    | Note
-------+----------+-------------------------------------------
     0 | D        | mhtbhm the Hill Orc Berserker began the quest for the Orb.
     0 | D        | Reached XP level 1. HP: 19/19 MP: 1/1
    10 | D        | Reached skill level 5 in Axes
    10 | D        | Reached XP level 2. HP: 17/28 MP: 2/2
   185 | D        | Noticed an oklob sapling
   187 | D        | Killed an oklob sapling
   188 | D        | Reached skill level 5 in Fighting
   188 | D        | Reached skill level 6 in Axes
   188 | D        | Reached XP level 3. HP: 37/37 MP: 3/3
   189 | D        | Noticed a scorpion
   189 | D        | Found the amulet of invisibility {+Inv}
   191 | D        | Killed a scorpion
   191 | D        | Reached ** piety under Trog
   192 | D        | Reached skill level 8 in Axes
   192 | D        | Reached XP level 4. HP: 47/47 MP: 4/4
   310 | D        | Found an opulent altar of Gozag.
   310 | D        | Found a hazy altar of Hepliaklqana.
   310 | D        | Found a burning altar of Makhleb.
   310 | D        | Found a roughly hewn altar of Beogh.
   310 | D        | Found a sparkling altar of Nemelex Xobeh.
   310 | D        | Found a snail-covered altar of Cheibriados.
   310 | D        | Found a sacrificial altar of Ru.
   310 | D        | Found a shimmering blue altar of Sif Muna.
   310 | D        | Found a shimmering altar of Xom.
   310 | D        | Found a basalt altar of Yredelemnul.
   311 | D        | Found a viscous altar of Jiyva.
   311 | D        | Found a bloodstained altar of Trog.
   311 | D        | Found an ornate altar of the Wu Jian Council.
   311 | D        | Noticed an oklob sapling priest
   312 | D        | Found an iron altar of Okawaru.
   312 | D        | Found a shadowy altar of Dithmenos.
   312 | D        | Found a glowing silver altar of Zin.
   313 | D        | Found an ancient bone altar of Kikubaaqudgha.
   313 | D        | Found a hide-covered altar of Uskayaw.
   314 | D        | Found a stormy altar of Qazlal.
   314 | D        | Found a white marble altar of Elyvilon.
   314 | D        | Found a glowing golden altar of the Shining One.
   315 | D        | Found a corrupted altar of Lugonu.
   315 | D        | Found a radiant altar of Vehumet.
   323 | D        | Killed an oklob sapling priest
   324 | D        | Reached skill level 9 in Axes
   324 | D        | Reached XP level 5. HP: 34/53 MP: 3/5
   499 | D        | Reached skill level 10 in Axes
   556 | D        | Reached *** piety under Trog
   557 | D        | Reached skill level 1 in Evocations
   562 | D        | Reached skill level 11 in Axes
   562 | D        | Reached skill level 1 in Stealth
   562 | D        | Reached XP level 6. HP: 57/64 MP: 6/6
   646 | D        | Found Bahese's Weapon Shop.
   646 | D        | Found Ureov's Distillery.
  1036 | D        | Noticed a queen bee
  1044 | D        | Reached skill level 12 in Axes
  1045 | D        | Reached **** piety under Trog
  1046 | D        | Reached skill level 10 in Fighting
  1049 | D        | Reached XP level 7. HP: 72/72 MP: 5/7
  1060 | D        | Slain by a queen bee

Illustrated notes

Levels and vault maps discovered:
D:        dungeon_sprint_fedhas [sprint_temple]

Skill      XL: |  1  2  3  4  5  6 |
---------------+-------------------+-----
Fighting       | 4 5 7 8 9 10 | 10.2
Axes           | 5 6 8 9 11 12 | 12.8
Armour         | 3 4 |  4.8
Dodging        | 2 3 4 |  4.3
Evocations     | 1 2 |  2.6
Stealth        | 1 3 |  3.3

Action                   |  1- 3 |  4- 6 |  7- 9 || total
-------------------------+-------+-------+-------++-------
Melee: Hand axe          |     7 |    27 |    12 ||    46
       Punch             |       |       |     1 ||     1
Invok: Berserk           |     2 |     5 |       ||     7
 Abil: Evoke Invisibilit |       |     3 |       ||     3
 Stab: Invisible         |       |     8 |     2 ||    10
Dodge: Dodged            |     1 |    10 |     4 ||    15

Table legend: (Time is in decaauts)
 A = Elapsed time spent in this place.
 B = Non-inter-level travel time spent in this place.
 C = Inter-level travel time spent in this place.
 D = Time resting spent in this place.
 E = Time spent auto-exploring this place.
 F = Levels seen in this place.
 G = Mean time per level.
                   A        B        C        D        E       F      G
               +--------+--------+--------+--------+--------+-----+--------+
         Total |   1108 |   1108 |      0 |    933 |      3 |   1 | 1108.0 |
       Dungeon |   1108 |   1108 |      0 |    933 |      3 |   1 | 1108.0 |
               +--------+--------+--------+--------+--------+-----+--------+

Top non-repeatable levels by time:
       D: 1108 daAuts
